 Dungeon Crawl Stone Soup version 0.30-a0-1085-g990a428a5c (webtiles) character file.

Game seed: 3310459887048260260

266376 jt the Warrior (level 20, -1/222 HPs)
             Began as an Ogre Fighter on Apr 16, 2023.
             Was a High Priest of Zin.
             Killed from afar by a merfolk aquamancer (21 damage)
             ... with a torrent of water
             ... on level 2 of the Shoals.
             The game lasted 02:40:29 (46425 turns).

jt the Warrior (Ogre Fighter)                      Turns: 46425, Time: 02:40:30

Health: -1/222     AC: 10    Str: 29    XL:     20   Next: 50%
Magic:  26/32      EV: 12    Int: 22    God:    Zin [*****.]
Gold:   3171       SH: 14    Dex: 12    Spells: 18/31 levels left

rFire   . . .      SeeInvis .    a - +4 trident (venom)
rCold   + . .      Faith    .    c - +1 kite shield
rNeg    . . .      Spirit   .    N - +4 robe of Augmentation {Str+4 Int+4 Dex+4}
rPois   +          Reflect  .    (helmet restricted)
rElec   .          Rampage  .    s - +2 cloak of Leaves {rC+ Int+3 Slay-2 Stlth+}
rCorr   .                        (gloves unavailable)
Will    ++...                    (boots unavailable)
Stlth   +++                      M - amulet of regeneration
HPRegen 1.37/turn                V - ring of poison resistance
MPRegen 0.23/turn                C - ring of flight

@: flying, invisible
A: large, unfitting armour, tough skin 1
}: 1/15 runes: gossamer
a: Renounce Religion, Recite, Vitalisation, Imprison, Sanctuary, Donate Gold


You were on level 2 of the Shoals.
You worshipped Zin.
Zin was extremely pleased with you.
You visited 7 branches of the dungeon, and saw 30 of its levels.
You also visited: Sewer, Gauntlet and Ice Cave.

You collected 4578 gold pieces.
You spent 1181 gold pieces at shops.
You donated 226 gold pieces to Zin.

Inventory:

Hand Weapons
 a - a +4 trident of venom (weapon)
 n - a +1 hand axe of flaming
 Q - the +8 whip "Lupluth" {heavy, rF+ SInv}
   (You found it in an ice cave)

   rF:        It protects you from fire.
   SInv:      It lets you see invisible.
Missiles
 d - 8 throwing nets
 t - 27 large rocks (quivered)
 E - 5 curare-tipped darts
Armour
 c - a +1 kite shield (worn)
 s - the +2 cloak of Leaves (worn) {rC+ Int+3 Slay-2 Stlth+}
   (You acquired it on level 2 of the Spider Nest)

   Int:       It affects your intelligence (+3).
   Slay:      It affects your accuracy & damage with ranged weapons and melee
   (-2).
   rC:        It protects you from cold.
   Stlth:     It makes you more stealthy.
 w - the +2 cloak of Beauty {rCorr}
   (You found it on level 3 of the Dungeon)

   rCorr:     It protects you from acid and corrosion.
 N - the +4 robe of Augmentation (worn) {Str+4 Int+4 Dex+4}
   (You found it on level 6 of the Dungeon)

   Str:       It affects your strength (+4).
   Int:       It affects your intelligence (+4).
   Dex:       It affects your dexterity (+4).
Jewellery
 f - a ring of willpower
 i - a ring of see invisible
 m - a +5 ring of evasion
 x - the ring of the Magpie {Fire rPois rCorr}
   (You found it in a Gauntlet)

   [ring of fire]

   It enhances your fire magic.
   rF:        It protects you from fire.
   rC:        It makes you vulnerable to cold.
   rPois:     It protects you from poison.
   rCorr:     It protects you from acid and corrosion.
 C - a ring of flight (right hand)
 M - an amulet of regeneration (around neck)
 P - a ring of magical power
 S - a ring of protection from fire
 V - a ring of poison resistance (left hand)
Wands
 h - a wand of roots (6)
 q - a wand of mindburst (15)
 z - a wand of flame (39)
 B - a wand of quicksilver (6)
 K - a wand of digging (10)
 L - a wand of paralysis (17)
Scrolls
 b - a scroll of enchant weapon
 e - 8 scrolls of fog
 j - 2 scrolls of teleportation
 y - 4 scrolls of magic mapping
 D - 3 scrolls of immolation
 G - a scroll of amnesia
 J - 2 scrolls of vulnerability
 R - 5 scrolls of fear
 T - 4 scrolls of poison
 U - a scroll of blinking
Potions
 l - a potion of resistance
 o - a potion of might
 p - a potion of berserk rage
 r - 9 potions of ambrosia
 u - 9 potions of curing
 v - 4 potions of brilliance
 A - 7 potions of haste
 F - a potion of magic
 X - 3 potions of flight
 Y - 5 potions of mutation
Miscellaneous
 g - a lightning rod (2/4)
 H - a phantom mirror (inert)
 I - a phial of floods
 Z - a tin of tremorstones (inert)


   Skills:
 + Level 18.2 Fighting
 - Level 14.0 Polearms
 - Level 2.0 Throwing
 - Level 8.0 Dodging
 - Level 2.0 Stealth
 - Level 15.0 Shields
 - Level 6.0 Spellcasting
 + Level 6.3 Conjurations
 - Level 8.0 Translocations
 - Level 10.0 Poison Magic
 + Level 17.8 Invocations
 - Level 4.0 Evocations


You had 18 spell levels left.
You knew the following spells:

 Your Spells              Type           Power      Damage    Failure   Level
a - Olgreb's Toxic Radia  Pois           50%        N/A       2%          4
b - Blink                 Tloc           82%        N/A       1%          2
c - Iskenderun's Mystic   Conj/Tloc      38%        2d9       8%          4
d - Teleport Other        Tloc           41%        N/A       1%          3

Your spell library contained the following spells:

 Spells                   Type           Power      Damage    Failure   Level
 Sting                    Tmut/Pois      100%       1d8       1%          1
 Lesser Beckoning         Tloc           82%        N/A       1%          2
 Momentum Strike          Conj/Tloc      76%        3d10      1%          2
 Gell's Gravitas          Tloc           41%        N/A       1%          3
 Poisonous Vapours        Pois/Air       56%        N/A       2%          2
 Shock                    Conj/Air       80%        1d8       3%          1
 Manifold Assault         Tloc           41%        N/A       4%          4
 Spider Form              Tmut/Pois      28%        N/A       5%          3
 Portal Projectile        Hex/Tloc       48%        N/A       8%          3
 Volatile Blastmotes      Fire/Tloc      48%        2d14      8%          3
 Hailstorm                Conj/Ice       20%        3d6       12%         3
 Stone Arrow              Conj/Erth      40%        3d9       12%         3
 Beastly Appendage        Tmut           12%        N/A       14%         1
 Necrotise                Necr           24%        1d5       14%         1
 Sandblast                Erth           12%        2d6       14%         1
 Ensorcelled Hibernation  Hex/Ice        12%        N/A       21%         2
 Passwall                 Tmut/Erth      5%         N/A       21%         2
 Scorch                   Fire           12%        2d5       21%         2
 Wereblood                Tmut           6%         N/A       21%         2
 Iskenderun's Battlesphe  Conj           34%        2d9       28%         5
 Flame Wave               Conj/Fire      20%        2d7       36%         4
 Fulminant Prism          Conj/Hex       10%        3d9       36%         4
 Swiftness                Air            6%         N/A       38%         3
 Tukima's Dance           Hex            6%         N/A       38%         3
 Vampiric Draining        Necr           6%         2d6       38%         3
 Alistair's Intoxication  Tmut/Pois      18%        N/A       43%         5
 Dispersal                Tloc           20%        N/A       61%         6
 Fireball                 Conj/Fire      10%        3d6       71%         5
 Airstrike                Air            3%         2d(1-17)  80%         4
 Anguish                  Hex/Necr       3%         N/A       80%         4
 Ice Form                 Ice/Tmut       6%         N/A       80%         4
 Leda's Liquefaction      Hex/Erth       3%         N/A       80%         4
 Summon Ice Beast         Ice/Summ       6%         N/A       80%         4
 Eringya's Noxious Bog    Tmut/Pois      14%        N/A       95%         6
 Agony                    Necr           6%         N/A       98%         5
 Blade Hands              Tmut           3%         N/A       98%         5
 Borgnjor's Vile Clutch   Necr/Erth      3%         N/A       98%         5
 Lee's Rapid Deconstruct  Erth           3%         3d5*      98%         5
 Summon Mana Viper        Hex/Summ       6%         N/A       98%         5
 Conjure Ball Lightning   Conj/Air       10%        3x3d6     99%         6
 Simulacrum               Ice/Necr       3%         N/A       100%        6
 Statue Form              Tmut/Erth      4%         N/A       100%        6
 Summon Cactus Giant      Summ           3%         N/A       100%        6
 Monstrous Menagerie      Summ           3%         N/A       100%        7
 Orb of Destruction       Conj           17%        9d7       100%        7
 Disjunction              Tloc           20%        N/A       100%        8


Dungeon Overview and Level Annotations

Branches:
Dungeon (15/15)            Temple (1/1) D:7            Lair (5/5) D:9
 Shoals (2/4) Lair:3       Spider (4/4) Lair:3        Slime (0/5) Lair:5
    Orc (2/2) D:12            Elf (0/3) Orc:2        Vaults (1/5) D:13
 Depths (0/4) D:15          Sewer (visited)           IceCv (visited)
Gauntlet (visited)

Altars:
Ashenzari
Cheibriados
Dithmenos
Elyvilon
Fedhas
Gozag
Hepliaklqana
Kikubaaqudgha
Makhleb
Nemelex Xobeh
Okawaru
Qazlal
Ru
Sif Muna
Trog
Uskayaw
Vehumet
Wu Jian
Xom
Yredelemnul
Zin
The Shining One

Shops:
D:8 [   D:10 :   Orc:1 *   Orc:2 !?=(   Shoals:1 [

Portals:
Pandemonium: Orc:2

Annotations:
D:11 3 runed translucent doors, Arzdou's ghost, novice DrIE
D:15 2 transporters, Koud Lun's ghost, adept DjCj
Lair:1 exclusion: oklob plant
Lair:5 exclusion: 2 oklob plants
Shoals:2 2 transporters, Glaciallarry's ghost, adept DrEE


Innate Abilities, Weirdness & Mutations

You are too large for most types of armour.
You have tough skin. (AC +1)


Message History

The merfolk aquamancer looks as sick as possible!
The wind drake looks even sicker.
The merfolk aquamancer hits you but does no damage.
Aiming: Thunderbolt
Press: ? - help, Shift-Dir - straight line The thunderbolt hits the merfolk aquamancer!
The merfolk aquamancer is heavily wounded.
The thunderbolt hits the wind drake.
The wind drake is heavily wounded.
The manticore looks even sicker.
The wind drake hisses angrily.
Your toxic aura wanes.
You block the wind drake's attack.
The merfolk aquamancer points at you and mumbles some strange words.
The ball of steam hits you!
* * * LOW HITPOINT WARNING * * *
Aiming: Thunderbolt
Press: ? - help, Shift-Dir - straight line The thunderbolt hits the merfolk aquamancer!
The merfolk aquamancer is almost dead.
The thunderbolt hits the wind drake!
The wind drake is almost dead.
The thunderbolt hits the manticore!
The manticore is heavily wounded.
* * * LOW HITPOINT WARNING * * *
A centaur warrior comes into view.
The manticore flicks its tail.
The volley of spikes hits the wind drake!
The wind drake dies!
You block the merfolk aquamancer's attack.
Okay, then.
Magic courses through your body.
* * * LOW HITPOINT WARNING * * *
You kill the merfolk aquamancer!
You hear a splash. x2
The plant is engulfed in a cloud of scalding steam.
The plant begins to die.
The merfolk aquamancer points at you and mumbles some strange words.
The torrent of water hits you!!
You die...

P.~~~~~~P~~~~........
~~~~~~~~≈~~~...##...~~~~
≈≈~PP.P≈≈~~~~~.###~~~~~~
≈≈≈P~~P≈≈≈~~m###.~~~~c~~
≈≈≈≈≈≈≈≈≈~~~~~# ..~~~~P~~
≈≈≈≈≈≈≈≈~~~~~)# #..PP~~~~
≈ ≈≈≈≈≈~~~~)~~# #.PP.PP~P.
≈ ≈≈≈≈≈~~~~m####.PPP.PP~P
≈ ≈≈≈≈~~~~.#E#@P##P.PP~~
~≈ ≈≈≈~~~~~###m§..P..PP~
~≈≈ ≈≈≈≈~~~~~~...H......~~
~~≈≈≈≈≈≈≈≈~~P~PP....~~~.~~
~~≈≈≈≈≈≈≈~~~~~P...†~~~~~~~
~~≈≈≈≈≈≈≈~~~P.P.P...~~~~≈≈
~~≈≈≈≈≈≈~~~~..PP....~~~~~~
~~~~≈≈~~~~~......PPPP~~~~~
~~~~≈~~~~~..........~~~~~~


You could see a merfolk aquamancer, a centaur warrior (wandering, unable to see
you) and a manticore (unable to see you, very poisoned).

Vanquished Creatures
  Rupert (Lair:3)
  Jorgrun (D:14)
  3 krakens (Shoals:1)
  2 frost giants (IceCv)
  4 emperor scorpions
  4 ghost moths
  4 spark wasps
  A minotaur (Gauntlet)
  9 slime creatures
  A white draconian (IceCv)
  3 merfolk javelineers (Shoals:1)
  3 merfolk impalers (Shoals:1)
  Josephine (Orc:1)
  Fannar (D:10)
  Erolcha (D:10)
  4 hydras
  6 radroaches
  An ice dragon (IceCv)
  2 catoblepae (Lair:5)
  3 demonspawn (Orc:2)
  A death knight (D:15)
  4 ironbound frosthearts (IceCv)
  7 boulder beetles
  A merfolk avatar (Shoals:1)
  5 merfolk aquamancers
  Erica (D:9)
  6 centaur warriors
  7 death yaks
  3 two-headed ogres (D:12)
  8 orc high priests
  Urug (D:10)
  6 hell knights (D:11)
  A wretched star (Gauntlet)
  A skeletal warrior (D:15)
  6 skysharks
  A fire crab (Gauntlet)
  A goliath frog (Lair:5)
  9 pharaoh ants
  2 sun moths
  4 sea snakes
  Lodul (D:10)
  18 orb spiders
  An orange crystal statue (IceCv)
  2 necromancers
  8 orc knights
  A wizard (D:15)
  A phantasmal warrior (D:15)
  4 deep elf pyromancers
  2 steelbarb worms
  23 wolf spiders
  21 ugly things
  10 orc sorcerers
  6 manticores
  7 cyclopes
  3 moths of wrath
  7 black mambas
  Maurice (D:8)
  3 elephants (Lair:3)
  A merfolk siren (Lair:3)
  3 gargoyles
  9 centaur zombies
  8 demonic crawlers
  2 ice statues (Shoals:1)
  3 torpor snails
  10 komodo dragons
  18 rime drakes (IceCv)
  24 cane toads
  A kobold demonologist (D:12)
  2 freezing wraiths (D:15)
  21 merfolk (Shoals:1)
  6 meliai
  9 hornets
  A tyrant leech (Lair:5)
  18 polar bears
  A wind drake (Shoals:1)
  7 trolls
  19 blink frogs
  4 dream sheep (Shoals:1)
  32 tarantellas
  A meliai zombie (D:15)
  A snapping turtle (Shoals:1)
  A jumping spider (shapeshifter) (D:14)
  2 centaur simulacra
  5 flying skulls (Gauntlet)
  3 vampires
  31 jumping spiders
  2 spriggans (Lair:4)
  A ynoxinul (Orc:2)
  A shadow (D:12)
  8 wraiths
  20 culicivoras
  4 water elementals
  8 basilisks
  16 humans
  4 wyverns
  36 yaks
  A steam dragon (D:8)
  Grum (D:8)
  3 fire bats (Gauntlet)
  54 redbacks
  7 vampire mosquitoes
  Edmund (D:6)
  3 acid dragons
  3 wargs
  7 hell hounds (D:11)
  7 water moccasins
  2 small abominations (Gauntlet)
  Pargi (Sewer)
  3 ice beasts
  26 orc warriors
  2 sky beasts
  3 black bears
  15 ogres
  11 centaurs
  17 wolves
  3 phantoms
  5 kobold brigands
  17 bullfrogs
  3 gnoll sergeants
  3 scorpions
  3 wights (D:6)
  A hornet simulacrum (D:14)
  4 killer bees (D:9)
  2 electric eels (Lair:5)
  4 howler monkeys
  4 jellies
  4 hounds
  24 orc priests
  7 iguanas
  A gnoll bouda (D:5)
  A sleepcap (D:6)
  A boggart zombie (D:11)
  18 orc wizards
  A boggart skeleton (D:11)
  23 gnolls
  A river rat (D:5)
  9 adders
  A shadow imp (D:7)
  A white imp (D:6)
  An ufetubus (D:5)
  2 worms
  4 dart slugs
  74 orcs
  8 endoplasms
  7 giant cockroaches
  7 goblins
  4 hobgoblins
  10 jackals
  21 kobolds
  5 quokkas
  3 ball pythons
  3 bats
  2 frilled lizards (D:3)
  7 rats
  3 pillars of salt
  A tentacle (Shoals:1)
1062 creatures vanquished.

Vanquished Creatures (collateral kills)
  Arachne (Spider:4)
  A cane toad (Lair:4)
  2 komodo dragons (Lair:4)
  A polar bear (Lair:4)
5 creatures vanquished.

Vanquished Creatures (others)
  A merfolk impaler (Shoals:1)
  A phantasmal warrior (D:15)
  A wind drake (Shoals:2)
  A redback (Spider:1)
  2 orc wizards
  An orc (Orc:1)
  A bush (Lair:3)
  20 fungi
  9 pillars of salt
  115 plants
  54 tentacles (Shoals:1)
  A withered plant (D:12)
207 creatures vanquished.

Grand Total: 1274 creatures vanquished

Notes
Turn   | Place    | Note
-------+----------+-------------------------------------------
     0 | D:1      | jt the Ogre Fighter began the quest for the Orb.
     0 | D:1      | Reached XP level 1. HP: 24/24 MP: 1/1
   223 | D:2      | Reached skill level 1 in Stealth
   223 | D:2      | Reached XP level 2. HP: 32/32 MP: 2/2
   418 | D:2      | Found a faded altar of an unknown god.
   422 | D:2      | Prayed at the altar of an unknown god.
   422 | D:2      | Became a worshipper of Zin the Law-Giver
   422 | D:2      | Reached * piety under Zin
   475 | D:1      | Reached XP level 3. HP: 39/39 MP: 3/3
  1187 | D:2      | Reached ** piety under Zin
  1336 | D:2      | Reached XP level 4. HP: 48/48 MP: 4/4
  1702 | D:3      | Identified the +2 cloak of Beauty {rCorr}
  2038 | D:3      | Reached XP level 5. HP: 55/55 MP: 5/5
  2302 | D:4      | Noticed a phantom
  2316 | D:3      | Killed a phantom
  2317 | D:3      | Reached skill level 5 in Fighting
  2344 | D:4      | Reached XP level 6. HP: 62/66 MP: 6/6
  2501 | D:4      | Found a stormy altar of Qazlal.
  2565 | D:4      | Reached *** piety under Zin
  2570 | D:5      | Entered Level 5 of the Dungeon
  2656 | D:5      | Noticed an ice beast
  2667 | D:5      | Killed an ice beast
  2668 | D:5      | Reached skill level 5 in Polearms
  2668 | D:5      | Reached XP level 7. HP: 74/74 MP: 7/7
  2670 | D:5      | Found the +7 captain's cutlass {speed, disarm}
  2691 | D:5      | Reached skill level 6 in Fighting
  2738 | D:5      | Found a glowing drain.
  2746 | Sewer    | Entered a sewer
  2794 | Sewer    | Noticed Pargi
  2813 | Sewer    | Killed Pargi
  3114 | D:5      | Reached skill level 5 in Shields
  3114 | D:5      | Reached XP level 8. HP: 83/84 MP: 8/8
  3232 | D:5      | Reached skill level 7 in Fighting
  4043 | D:5      | Reached **** piety under Zin
  4051 | D:5      | Found an opulent altar of Gozag.
  4089 | D:5      | Found a glowing silver altar of Zin.
  4539 | D:6      | Reached skill level 8 in Fighting
  5040 | D:6      | Reached XP level 9. HP: 97/97 MP: 9/9
  5101 | D:6      | Found the +4 robe of Augmentation {Str+4 Int+4 Dex+4}
  5235 | D:6      | Found a blossoming altar of Fedhas.
  5277 | D:6      | Noticed Edmund
  5300 | D:6      | Killed Edmund
  5306 | D:6      | Reached skill level 9 in Fighting
  5646 | D:6      | Gained mutation: You are vulnerable to heat. (rF-) [potion
                  | of mutation]
  5845 | D:7      | Found a staircase to the Ecumenical Temple.
  5899 | Temple   | Entered the Ecumenical Temple
  6162 | D:7      | Reached ***** piety under Zin
  6480 | D:7      | Found a hide-covered altar of Uskayaw.
  6823 | D:8      | Noticed Grum
  6844 | D:7      | Reached skill level 10 in Fighting
  7144 | D:8      | Killed Grum
  7145 | D:8      | Reached XP level 10. HP: 98/111 MP: 7/10
  7318 | D:8      | Found Neijawna's Antique Armour Shoppe.
  7486 | D:8      | Noticed Maurice
  7601 | D:8      | Killed Maurice
  7602 | D:8      | Reached skill level 1 in Invocations
  7999 | D:9      | Reached skill level 11 in Fighting
  8157 | D:9      | Found a staircase to the Lair.
  8344 | D:9      | Reached skill level 1 in Spellcasting
  8344 | D:9      | Reached skill level 1 in Evocations
  8507 | D:9      | Noticed Erica
  8523 | D:9      | Killed Erica
  9342 | Lair:1   | Entered Level 1 of the Lair of Beasts
  9342 | Lair:1   | Noticed a torpor snail
  9345 | Lair:1   | Noticed a death yak
  9359 | D:9      | Killed a torpor snail
  9519 | Lair:1   | Reached XP level 11. HP: 118/123 MP: 13/15
  9538 | Lair:1   | Killed a death yak
  9539 | Lair:1   | Reached skill level 1 in Throwing
  9582 | Lair:1   | Noticed a boulder beetle
  9599 | Lair:1   | Killed a boulder beetle
  9670 | Lair:1   | Reached skill level 12 in Fighting
  9776 | Lair:1   | Reached skill level 10 in Polearms
 10129 | Lair:1   | Noticed an oklob plant
 10422 | Lair:1   | Reached skill level 5 in Invocations
 11665 | Lair:2   | Reached XP level 12. HP: 78/133 MP: 10/16
 11846 | Lair:2   | Reached ****** piety under Zin
 11852 | Lair:2   | Lost mutation: You are vulnerable to heat. (rF-) [potion of
                  | mutation]
 11906 | Lair:2   | Reached skill level 10 in Shields
 12087 | Lair:2   | Reached skill level 13 in Fighting
 13094 | Lair:3   | Found a staircase to the Shoals.
 13368 | Lair:3   | Noticed a death yak
 13368 | Lair:3   | Noticed a death yak
 13408 | Lair:3   | Killed a death yak
 13557 | Lair:3   | Found a hole to the Spider Nest.
 13971 | Lair:3   | Noticed a skyshark
 13987 | Lair:3   | Killed a skyshark
 13988 | Lair:3   | Reached skill level 5 in Dodging
 14065 | Lair:3   | Noticed Rupert
 14098 | Lair:4   | Reached skill level 14 in Fighting
 14435 | Lair:4   | Reached skill level 1 in Poison Magic
 14469 | Lair:4   | Reached XP level 13. HP: 86/146 MP: 12/19
 15145 | Lair:5   | Entered Level 5 of the Lair of Beasts
 15584 | D:10     | Entered Level 10 of the Dungeon
 15600 | D:10     | Noticed Erolcha
 15626 | D:10     | Killed Erolcha
 15752 | D:10     | Noticed Urug
 15773 | D:10     | Killed Urug
 16061 | D:10     | Found Zued's Book Boutique.
 16165 | D:10     | Reached skill level 15 in Fighting
 16227 | D:10     | Noticed Lodul
 16235 | D:10     | Killed Lodul
 16571 | D:10     | Noticed Fannar
 16606 | D:10     | Killed Fannar
 17003 | D:11     | Found a runed translucent gate.
 17003 | D:11     | Found a runed translucent gate.
 17003 | D:11     | Found a runed translucent gate.
 17004 | D:11     | Noticed a rakshasa
 17071 | D:11     | Noticed Arzdou's ghost (novice DrIE)
 18562 | D:11     | Reached skill level 10 in Invocations
 18585 | D:11     | Reached skill level 5 in Poison Magic
 19434 | D:11     | Reached XP level 14. HP: 111/159 MP: 15/21
 19903 | D:12     | Found a staircase to the Orcish Mines.
 19914 | Orc:1    | Entered Level 1 of the Orcish Mines
 20989 | D:12     | You fall into a shaft and drop 2 floors!
 21111 | D:14     | Found a gate leading to a gauntlet.
 21116 | Gauntlet | Entered a Gauntlet
 21116 | Gauntlet | Found a transporter.
 21126 | Gauntlet | Found a transporter.
 21128 | Gauntlet | Found a transporter.
 21129 | Gauntlet | Found a transporter.
 21145 | Gauntlet | Found a transporter.
 21160 | Gauntlet | Found a transporter.
 21168 | Gauntlet | Found a transporter.
 21183 | Gauntlet | Found a transporter.
 21202 | Gauntlet | Found a transporter.
 21255 | Gauntlet | Found a transporter.
 21264 | Gauntlet | Found a transporter.
 21269 | Gauntlet | Found a transporter.
 21294 | Gauntlet | Found a transporter.
 21299 | Gauntlet | Found a transporter.
 21301 | Gauntlet | Found a transporter.
 21324 | Gauntlet | Found a transporter.
 21329 | Gauntlet | Found a transporter.
 21381 | Gauntlet | Found a transporter.
 21385 | Gauntlet | Found the +11 Singing Sword {sonic wave}
 21802 | Gauntlet | Identified the ring of the Magpie {Fire rPois rCorr}
 22124 | D:13     | Found a gate to the Vaults.
 22587 | D:13     | Found the +9 sword of Power {lifebolt}
 22998 | Orc:1    | Noticed Josephine
 23085 | Orc:1    | Killed Josephine
 23219 | Orc:1    | Found Bolanekul's General Store.
 23232 | Orc:1    | Bought a scroll of magic mapping for 97 gold pieces
 23232 | Orc:1    | Bought a scroll of magic mapping for 97 gold pieces
 23569 | Orc:2    | Entered Level 2 of the Orcish Mines
 23847 | Orc:2    | Found a staircase to the Elven Halls.
 24019 | Orc:2    | Found Atyssom's Magic Scroll Boutique.
 24022 | Orc:2    | Found Kedwur's Distillery.
 24609 | Orc:2    | Reached XP level 15. HP: 167/167 MP: 25/25
 25592 | Orc:2    | Paralysed by an orc sorcerer for 4 turns
 25636 | Orc:2    | Found Zyheut's Antique Weapon Emporium.
 25636 | Orc:2    | Found a one-way gate leading to the halls of Pandemonium.
 25636 | Orc:2    | Found Jigg's Jewellery Shoppe.
 25815 | Orc:2    | Bought a scroll of acquirement for 832 gold pieces
 25815 | Orc:2    | Acquired 472 gold pieces
 25817 | Orc:2    | Bought a scroll of fear for 64 gold pieces
 25819 | Orc:2    | Bought a potion of curing for 39 gold pieces
 25819 | Orc:2    | Bought a potion of might for 52 gold pieces
 25915 | D:12     | Learned a level 4 spell: Olgreb's Toxic Radiance
 27902 | D:14     | Noticed Jorgrun
 28126 | D:14     | Killed Jorgrun
 28660 | D:15     | Entered Level 15 of the Dungeon
 28753 | D:15     | Noticed Koud Lun's ghost (adept DjCj)
 29750 | D:15     | Reached skill level 15 in Invocations
 29763 | D:15     | Reached skill level 5 in Spellcasting
 30420 | D:15     | Found a transporter.
 30425 | D:15     | Found a transporter.
 30491 | D:15     | Reached XP level 16. HP: 168/176 MP: 27/27
 30513 | D:15     | Found a staircase to the Depths.
 30839 | Lair:3   | Killed Rupert
 33185 | Lair:5   | Identified the staff of fire "Pikhue Ogru" {rF+ Dex+2}
 33191 | Lair:5   | Identified the +1 leather armour of Enaxu {Dex+3}
 33495 | Lair:5   | Found a staircase to the Slime Pits.
 33703 | Spider:1 | Entered Level 1 of the Spider Nest
 35685 | Spider:1 | Reached skill level 10 in Poison Magic
 36059 | Spider:1 | Reached XP level 17. HP: 157/184 MP: 0/29
 36345 | Spider:1 | Learned a level 2 spell: Blink
 36345 | Spider:1 | Reached XP level 18. HP: 188/193 MP: 24/30
 36378 | Spider:1 | Reached XP level 19. HP: 198/201 MP: 15/31
 38051 | Spider:2 | Acquired the +2 cloak of Leaves {rC+ Int+3 Slay-2 Stlth+}
 38432 | Spider:3 | Reached skill level 5 in Translocations
 38730 | Spider:3 | Reached skill level 15 in Shields
 39652 | Spider:4 | Entered Level 4 of the Spider Nest
 40034 | Spider:3 | Reached skill level 16 in Fighting
 40330 | Spider:4 | Learned a level 4 spell: Iskenderun's Mystic Blast
 40577 | Spider:3 | Reached skill level 1 in Conjurations
 41059 | Spider:4 | Noticed Arachne
 41080 | Spider:4 | Killed Arachne
 41437 | Spider:4 | Got a gossamer rune of Zot
 41704 | Vaults:1 | Entered Level 1 of the Vaults
 41970 | Shoals:1 | Entered Level 1 of the Shoals
 42067 | Shoals:1 | Identified the +7 morningstar "Uwis" {drain, Str+3}
 42095 | Shoals:1 | Found Zumita's Antique Armour Shoppe.
 42154 | Shoals:1 | Found a frozen archway.
 42163 | IceCv    | Entered an ice cave
 42249 | IceCv    | Reached skill level 17 in Fighting
 42313 | IceCv    | Learned a level 3 spell: Teleport Other
 42602 | IceCv    | Reached XP level 20. HP: 207/218 MP: 20/32
 43194 | IceCv    | Identified the +8 whip "Lupluth" {heavy, rF+ SInv}
 43823 | Shoals:1 | Found a glowing golden altar of the Shining One.
 43830 | Shoals:1 | Reached skill level 5 in Conjurations
 45095 | Shoals:1 | Found a runed translucent door.
 45151 | Shoals:1 | Reached skill level 18 in Fighting
 46290 | Shoals:2 | Found a transporter.
 46294 | Shoals:2 | Found a transporter.
 46294 | Shoals:2 | Noticed Glaciallarry's ghost (adept DrEE)
 46425 | Shoals:2 | Killed from afar by a merfolk aquamancer

Illustrated notes

Levels and vault maps discovered:
D:1:      dpeg_arrival_rooms_b, layout_rooms
D:2:      layout_loops_corners, hellmonk_ecumenical_altar_heavens_door,
          kennysheep_generic_room_5
D:3:      layout_basic, chequers_serial_rivers_micro_b, chequers_garden
D:4:      layout_rooms, nicolae_qazlal_scattered_showers
D:5:      layout_loops_ring, pdpol_temple_overflow_zin_treasury_gozag_greed,
          gup_sewer_entry_bubbles, minivault_25, minmay_misc_feat_pillars,
          kennysheep_generic_room_6
D:6:      layout_basic, mainiacjoe_overflow_concentric_impassable,
          roderic_st_hans_cross, uniq_edmund
D:7:      layout_loops_cross, mainiacjoe_overflow_alcove_4,
          minmay_temple_entry_glass, amcnicky_mini_corridor_feature,
          grunt_decor_one_mirror
D:8:      black_bear_nest_2, layout_cave_pools, serial_shops, shop, uniq_grum,
          uniq_maurice
D:9:      layout_roguey, lair_entry_dummy, kennysheep_windowed_goal, uniq_erica
D:10:     layout_roguey, serial_shops, nicolae_shop_competitors_out_of_business,
          uniq_lodul, uniq_fannar, uniq_urug, uniq_erolcha
D:11:     layout_cave_pods, gammafunk_ghost_split, hangedman_weighted_door,
          grunt_ministairs_6, minmay_hedge_maze, minmay_rotating_lava
D:12:     layout_loops_ring, david_orc_1_choice, serial_undead, serial_undead_c,
          serial_undead_a, serial_undead_e, serial_undead_c,
          minmay_misc_feat_four_crosses
D:13:     layout_basic, david_vaults_3, serial_rivers,
          chequers_serial_rivers_micro_d, chequers_serial_rivers_large_b,
          chequers_serial_rivers_micro_d, chequers_serial_rivers_marsh,
          chequers_serial_rivers_small_a, chequers_serial_rivers_room_b,
          onia_ninara_dug_in_and_dangerous
D:14:     layout_roguey, gauntlet_entry_generic, uniq_jorgrun
D:15:     grunt_enter_depths_magical_seal, layout_basic,
          gammafunk_ghost_mausoleum, minmay_crystal_water
Temple:   minmay_temple_bridge_d
Lair:1:   layout_loops_ring, grunt_megastairs_4, infiniplex_staircase_pool
Lair:2:   cheibrodos_lair_overgrown_chateau, layout_big_grid
Lair:3:   layout_chaotic_city, minmay_shoals_entry_lonely_mermaid,
          nicolae_spider_entry_tight_spaces, uniq_rupert
Lair:4:   layout_roguey, forest_entry_grove
Lair:5:   minmay_lair_end_frog_pond, layout_regular_city,
          minmay_slime_entry_oklob_enclosed
Shoals:1: nicolae_shoals_lighthouse, layout_shoals,
          portal_ice_cave_entry_ice_statue_two,
          nicolae_shoals_lost_giant_temple, nicolae_shoals_land_atoll,
          nicolae_take_the_stairs, lemuel_centaur_altar
Shoals:2: layout_shoals, gammafunk_ghost_arena, nicolae_shoals_water_shrine
Spider:1: layout_cave_pods, nicolae_spider_wall_of_niches,
          hangedman_spider_tarantella_strand
Spider:2: layout_spider_delve
Spider:3: layout_spider_delve
Spider:4: spider_rune_water, nicolae_orb_stairs, uniq_arachne
Orc:1:    layout_caves, serial_shops, nicolae_shop_trees, basic_altar,
          nicolae_orc_flooded_monolith, kennysheep_orc_chapel, uniq_josephine
Orc:2:    pf_orc_diabolical, layout_caves
Vaults:1: nicolae_vaults_bisected_slash, v_pattern_4,
          ontoclasm_vaults_decontamination, v_misc_30, st_lines,
          ontoclasm_vaults_gateway, v_misc_1, nicolae_vaults_little_squares_1,
          v_misc_15, vaults_room_semicircle, vaults_room_grunt_arrival_ludios,
          layout_vaults_omnibox

Skill      XL: |  1  2  3  4  5  6  7  8  9 10 11 12 13 14 15 16 17 18 19 20 |
---------------+-------------------------------------------------------------+-----
Stealth        | 1 2 |  2.0
Polearms       | 3 4 5 6 7 8 9 10 11 13 14 | 14.0
Fighting       | 5 6 8 10 11 12 14 15 17 18 | 18.2
Shields        | 4 5 6 8 9 10 12 13 14 15 | 15.0
Invocations    | 3 5 8 10 13 15 16 17 | 17.8
Spellcasting   | 3 5 6 |  6.0
Evocations     | 2 4 |  4.0
Throwing       | 2 |  2.0
Dodging        | 3 5 6 7 8 |  8.0
Poison Magic   | 1 5 8 10 | 10.0
Translocations | 2 7 8 |  8.0
Conjurations   | 4 6 |  6.3

Action                     |  1- 3 |  4- 6 |  7- 9 | 10-12 | 13-15 | 16-18 | 19-21 || total
---------------------------+-------+-------+-------+-------+-------+-------+-------++-------
  Melee: Trident           |    91 |       |       |       |   751 |   636 |  1112 ||  2590
         Whip              |    29 |   147 |   147 |       |       |       |       ||   323
         Spear             |       |       |   277 |   872 |   999 |       |       ||  2148
         Hand axe          |       |       |       |       |       |       |    10 ||    10
         Staff             |       |       |       |       |       |       |     5 ||     5
   Fire: Sling             |       |       |       |     4 |       |       |       ||     4
  Throw: Stone             |       |     6 |    10 |       |       |       |       ||    16
         Dart              |       |       |    20 |    25 |    14 |     2 |     4 ||    65
         Large rock        |       |       |       |     7 |    15 |    16 |     4 ||    42
         Boomerang         |       |       |       |     3 |       |       |       ||     3
   Cast: Olgreb's Toxic Ra |       |       |       |       |       |    46 |   217 ||   263
         Blink             |       |       |       |       |       |       |    19 ||    19
         Iskenderun's Myst |       |       |       |       |       |       |    20 ||    20
         Teleport Other    |       |       |       |       |       |       |     1 ||     1
 Invoke: Recite            |       |       |       |     2 |    54 |    17 |    34 ||   107
         Vitalisation      |       |       |       |     2 |     2 |     1 |     1 ||     6
         Imprison          |       |       |       |       |     1 |       |     3 ||     4
         Sanctuary         |       |       |       |       |       |     1 |     3 ||     4
  Evoke: Wand              |       |       |     1 |     5 |    14 |     4 |    21 ||    45
         Tin of tremorston |       |       |       |       |     3 |     1 |     5 ||     9
         Lightning rod     |       |       |       |       |     4 |       |     2 ||     6
         Phantom mirror    |       |       |       |       |       |       |     2 ||     2
    Use: Potion            |     2 |       |     6 |     9 |     7 |     4 |    15 ||    43
         Scroll            |     1 |     6 |     1 |    13 |     5 |     1 |    11 ||    38
   Stab: Distracted        |       |     1 |       |       |     1 |       |       ||     2
         Sleeping          |       |     1 |     2 |     2 |     5 |     1 |     1 ||    12
         Paralysed         |       |       |       |       |    52 |     3 |    10 ||    65
         Confused          |       |       |       |       |    22 |       |     7 ||    29
         Invisible         |       |       |       |       |    13 |     3 |    12 ||    28
 Armour: Robe              |    20 |    34 |   104 |   144 |   240 |   110 |   215 ||   867
  Dodge: Dodged            |    44 |    88 |   241 |   283 |   539 |   252 |   520 ||  1967
  Block: Kite shield       |    46 |    54 |   214 |   314 |   667 |   300 |   701 ||  2296

Table legend: (Time is in decaauts)
 A = Elapsed time spent in this place.
 B = Non-inter-level travel time spent in this place.
 C = Inter-level travel time spent in this place.
 D = Time resting spent in this place.
 E = Time spent auto-exploring this place.
 F = Levels seen in this place.
 G = Mean time per level.
                   A        B        C        D        E       F      G
               +--------+--------+--------+--------+--------+-----+--------+
         Total |  45394 |  43083 |   2311 |  15194 |  13768 |  33 | 1375.6 |
       Dungeon |  20658 |  19419 |   1239 |   6208 |   7641 |  15 | 1377.2 |
        Temple |    229 |    221 |      8 |      0 |    201 |   1 |  229.0 |
          Lair |   9839 |   9200 |    639 |   3740 |   2715 |   5 | 1967.8 |
        Shoals |   2707 |   2613 |     94 |    774 |    529 |   2 | 1353.5 |
   Spider Nest |   6872 |   6646 |    226 |   2841 |   1602 |   4 | 1718.0 |
  Orcish Mines |   2697 |   2594 |    103 |    857 |    644 |   2 | 1348.5 |
        Vaults |     15 |     15 |      0 |      0 |      0 |   1 |   15.0 |
         Sewer |    228 |    228 |      0 |     50 |     87 |   1 |  228.0 |
      Ice Cave |   1269 |   1269 |      0 |    379 |    349 |   1 | 1269.0 |
      Gauntlet |    876 |    876 |      0 |    344 |      0 |   1 |  876.0 |
               +--------+--------+--------+--------+--------+-----+--------+

Top non-repeatable levels by time:
    D:11: 2964 daAuts
  Lair:3: 2857 daAuts
Spider:1: 2819 daAuts
Shoals:1: 2291 daAuts
    D:13: 2239 daAuts
    D:12: 1867 daAuts
   Orc:2: 1846 daAuts
  Lair:4: 1842 daAuts
  Lair:5: 1830 daAuts
  Lair:1: 1759 daAuts
     D:9: 1725 daAuts
Spider:3: 1702 daAuts
    D:15: 1698 daAuts
     D:5: 1593 daAuts
  Lair:2: 1549 daAuts
